 Dungeon Crawl Stone Soup version 0.22-a0-49-g614aadd (webtiles) character file.

58 KristoblXynda the Charmwright (level 3, 0/29 HPs)
             Began as a Draconian Skald on Jan 8, 2018.
             Slain by a worker ant (1 damage)
             ... on level 3 of the Dungeon.
             The game lasted 00:03:08 (1596 turns).

KristoblXynda the Charmwright (Draconian Skald)     Turns: 1596, Time: 00:03:10

Health: 0/29       AC:  5    Str: 13    XL:     3   Next: 75%
Magic:  1/6        EV: 12    Int: 19    God:
Gold:   168        SH:  0    Dex: 10    Spells: 2/6 levels left

rFire    . . .     SeeInvis .   a - +0 mace
rCold    . . .     Gourm    +   (no shield)
rNeg     . . .     Faith    .   (armour unavailable)
rPois    .         Spirit   .   (helmet restricted)
rElec    .         Reflect  .   (no cloak)
rCorr    .         Harm     .   (no gloves)
MR       .....                  (no boots)
Stlth    ++........             f - amulet of the gourmand
HPRegen  0.09/turn              (no ring)
MPRegen  0.10/turn              (no ring)

@: brilliant, lethally poisoned (0 -> -9), infused (expiring), hasted, very
quick
A: unfitting armour, camouflage 1, cold-blooded, MP-powered wands, AC +5
a: no special abilities


You were on level 3 of the Dungeon.
You were not hungry.

You visited 1 branch of the dungeon, and saw 3 of its levels.

You collected 168 gold pieces.

Inventory:

Hand Weapons
 a - a +0 mace (weapon)
Jewellery
 f - an amulet of the gourmand (around neck)
 m - a cursed ring of loudness {unknown}
 r - an uncursed amulet of rage {unknown}
Scrolls
 d - 6 scrolls of identify {unknown}
 e - 2 scrolls of enchant armour {unknown}
 g - a scroll of immolation {unknown}
 i - a scroll of fog {unknown}
 j - a scroll of teleportation {unknown}
 l - a scroll of enchant weapon {unknown}
 n - a scroll of remove curse {unknown}
Potions
 h - a potion of berserk rage {unknown}
 k - a potion of haste
 q - a potion of heal wounds {unknown}
Books
 b - a book of Battle

   Spells                             Type                      Level
   a - Infusion                       Charms                       1
   b - Shroud of Golubria             Charms/Translocation         2
   c - Song of Slaying                Charms                       2
   d - Spectral Weapon                Hexes/Charms                 3
   e - Regeneration                   Charms/Necromancy            3
Comestibles
 c - 4 rations


   Skills:
 - Level 2.1 Fighting
 + Level 2.8 Maces & Flails
 + Level 2.8 Dodging
 - Level 2.0 Spellcasting
 + Level 3.3 Charms


You had 2 spell levels left.
You knew the following spells:

 Your Spells              Type           Power        Failure   Level  Hunger
a - Infusion              Chrm           ####         1%          1    #......
b - Regeneration          Chrm/Necr      ###.......   3%          3    ###....


Dungeon Overview and Level Annotations

Branches:
Dungeon (3/15)

Altars:


Innate Abilities, Weirdness & Mutations

Your plain brown scales are hard. (AC +5)
You cannot fit into any form of body armour.
You are cold-blooded and may be slowed by cold attacks.
Your skin changes colour to match your surroundings (Stealth+).
You expend magic power (3 MP) to strengthen your wands.


Message History

* * * LOW HITPOINT WARNING * * *
You hit the worker ant. You tail-slap the worker ant.
The worker ant is moderately wounded.
You feel sick. The worker ant barely misses you.
You closely miss the worker ant.
You tail-slap the worker ant, but do no damage.
The worker ant is moderately wounded.
Your magical infusion is running out.
You feel sick. The worker ant bites you.
* * * LOW HITPOINT WARNING * * *
It was a potion of brilliance.
You feel clever all of a sudden. The worker ant barely misses you.
It was a potion of mutation.
You feel extremely strange.
You feel your magical essence link to your wands.
Your skin functions as natural camouflage.
Your skin stops crawling.
* * * LOW HITPOINT WARNING * * *
You feel sick. The worker ant bites you.
You die...

##############.# #.
#........@†....#
#.#.#.#......a...)..
#..##.##.##########.
#...............
#..#..##.#######
........# .#
...#..#)###### .#
..#_#........# .#
#..#..#..<...# .#


You could see a worker ant.

Vanquished Creatures
  An adder (D:3)
  A dart slug (D:1)
  3 leopard geckos
  2 orcs (D:3)
  3 bats (D:1)
  4 giant cockroaches
  7 goblins
  8 hobgoblins
  A quokka (D:2)
  A ball python (D:1)
  2 frilled lizards
  A kobold (D:1)
  3 rats (D:2)
37 creatures vanquished.

Notes
Turn   | Place    | Note
-------+----------+-------------------------------------------
     0 | D:1      | KristoblXynda the Draconian Skald began the quest for the Orb.
     0 | D:1      | Reached XP level 1. HP: 17/17 MP: 3/3
   121 | D:1      | Reached XP level 2. HP: 18/24 MP: 5/5
   276 | D:1      | Reached skill level 3 in Charms
   895 | D:2      | Reached XP level 3. HP: 29/29 MP: 6/6
   905 | D:2      | Learned a level 3 spell: Regeneration
  1539 | D:3      | Noticed a scorpion
  1567 | D:3      | Found a faded altar of an unknown god.
  1594 | D:3      | HP: 1/29 [worker ant (2)]
  1596 | D:3      | Gained mutation: You expend magic power (3 MP) to strengthen your wands. [potion of mutation]
  1596 | D:3      | Gained mutation: Your skin changes colour to match your surroundings (Stealth+). [potion of mutation]
  1596 | D:3      | Slain by a worker ant

Vault maps used:
D:1:      dpeg_arrival_stonehenge_8_columns
D:2:      first_ration
D:3:      overflow_temple_1_default, chequers_ecumenical_altar_simple,
          grunt_decor_mini_mirrors, st_stairs_3

Skill      XL: |  1  2 |
---------------+-------+-----
Charms         | 3 |  3.3
Fighting       | |  2.1
Maces & Flails | |  2.8
Dodging        | |  2.8
Spellcasting   | |  2.0

Action                   || total
-------------------------++-------
Melee: Mace              ||   113
       Tailslap          ||     9
 Cast: Regeneration      ||     1
       Infusion          ||     1
  Use: Potion            ||     3
  Eat: Chunk             ||    11
Armor: Skin              ||    32
Dodge: Dodged            ||   102

Table legend:
 A = Spawn XP
 B = Non-spawn XP
 C = Spawn XP percentage of total XP
 D = Spawn monster count
 E = Non-spawn monster count
 F = Spawn count percentage of total count
 G = Total turns spent on level
                    A         B        C        D         E        F      G
               +---------+---------+-------+---------+---------+-------+---------
         Total |       0 |      83 |   0.0 |       0 |      37 |   0.0 |  1596
               +---------+---------+-------+---------+---------+-------+---------
           D:1 |       0 |      39 |   0.0 |       0 |      19 |   0.0 |   874
           D:2 |       0 |      24 |   0.0 |       0 |      14 |   0.0 |   657
           D:3 |       0 |      20 |   0.0 |       0 |       4 |   0.0 |    65
               +---------+---------+-------+---------+---------+-------+---------
